 Dungeon Crawl Stone Soup version 0.26.1-11-gd32895ea62 (webtiles) character file.

Game seed: 1524501149383969530

29127 Amplified the Warrior (level 13, 0/152 HPs)
             Began as an Ogre Hedge Wizard on July 3, 2021.
             Was an Elder of Vehumet.
             Succumbed to Sonja's poison
             ... on level 12 of the Dungeon on July 4, 2021.
             The game lasted 00:59:24 (31007 turns).

Amplified the Warrior (Ogre Hedge Wizard)          Turns: 31007, Time: 00:59:25

Health: 0/152      AC:  8    Str: 17    XL:     13   Next: 43%
Magic:  19/37      EV: 10    Int: 19    God:    Vehumet [****..]
Gold:   922        SH:  0    Dex:  8    Spells: 6/35 levels left

rFire    . . .     SeeInvis .   l - +6 trident (vamp)
rCold    + . .     Faith    .   (no shield)
rNeg     . . .     Spirit   .   h - +2 robe of Divine Compulsion {+Fly rElec}
rPois    +         Reflect  .   c - +2 hat
rElec    +         Harm     .   (no cloak)
rCorr    .         Rampage  .   (gloves unavailable)
Will     +....                  (boots unavailable)
Stlth    +.........             (no amulet)
HPRegen  0.35/turn              g - ring of poison resistance
MPRegen  0.25/turn              o - ring of magical power

@: lethally poisoned (0 -> -20), slowed, very slow
A: large, unfitting armour, iridescent scales 1, cold resistance 1, deformed
body, tough skin 1, subdued magic 1
a: Renounce Religion, Evoke Flight


You were on level 12 of the Dungeon.
You worshipped Vehumet.
Vehumet was greatly pleased with you.
You visited 4 branches of the dungeon, and saw 21 of its levels.

You collected 922 gold pieces.

Inventory:

Hand Weapons
 j - a +2 trident of flaming
 l - a +6 vampiric trident (weapon)
 B - a +3 long sword of flaming
Missiles
 v - 3 poisoned darts
 A - 2 throwing nets
Armour
 c - a +2 hat (worn)
 d - a +2 kite shield
 h - the +2 robe of Divine Compulsion (worn) {+Fly rElec}
   (You took it off an orc on level 9 of the Dungeon)

   It insulates you from electricity.
   It lets you fly.
 r - a +2 robe of fire resistance
Magical Staves
 z - an uncursed staff of poison
Jewellery
 g - a ring of poison resistance (left hand)
 k - a +6 ring of strength
 n - an uncursed ring of see invisible
 o - a ring of magical power (right hand)
 u - an uncursed ring of fire
 w - an uncursed ring of protection from fire
Wands
 f - a wand of polymorph (18)
 q - a wand of random effects (25)
 t - a wand of flame (7)
Scrolls
 b - a scroll of immolation
 i - 6 scrolls of remove curse
 m - 2 scrolls of amnesia
 x - 4 scrolls of identify
 y - a scroll of enchant armour
Potions
 e - 2 potions of attraction
 p - 2 potions of flight


   Skills:
 * Level 16.0 Fighting
 - Level 4.6(8.7) Axes
 * Level 11.3(11.6) Polearms
 - Level 0.4 Armour
 - Level 2.0 Dodging
 - Level 1.4 Stealth
 - Level 11.9 Spellcasting
 - Level 4.0 Conjurations
 - Level 0.8 Summonings
 * Level 4.7 Necromancy
 - Level 0.8 Translocations
 - Level 2.8 Air Magic
 - Level 2.9 Poison Magic


You had 6 spell levels left.
You knew the following spells:

 Your Spells              Type           Power        Failure   Level
a - Hailstorm             Conj/Ice       14%          6%          4
b - Blink                 Tloc           N/A          4%          2
c - Mephitic Cloud        Conj/Pois/Air  18%          1%          3
e - Vampiric Draining     Necr           11%          1%          3
f - Stone Arrow           Conj/Erth      28%          1%          3
g - Fireball              Conj/Fire      7%           17%         5
h - Agony                 Necr           22%          21%         5
i - Sticky Flame          Conj/Fire      14%          6%          4

Your spell library contained the following spells:

 Spells                   Type           Power        Failure   Level
 Animate Skeleton         Necr           44%          1%          1
 Foxfire                  Conj/Fire      56%          1%          1
 Freeze                   Ice            32%          1%          1
 Magic Dart               Conj           80%          1%          1
 Pain                     Necr           88%          1%          1
 Sandblast                Erth           16%          1%          1
 Conjure Flame            Conj/Fire      14%          1%          3
 Call Imp                 Summ           11%          4%          2
 Inner Flame              Hex/Fire       8%           4%          3
 Animate Dead             Necr           11%          7%          4
 Slow                     Hex            8%           8%          2


Dungeon Overview and Level Annotations

Branches:
Dungeon (12/15)            Temple (1/1) D:4            Lair (6/6) D:9
 Shoals (0/4) Lair:3        Snake (0/4) Lair:2        Slime (0/5) Lair:6
    Orc (2/2) D:10            Elf (0/3) Orc:2

Altars:
Ashenzari
Cheibriados
Dithmenos
Elyvilon
Fedhas
Gozag
Hepliaklqana
Kikubaaqudgha
Makhleb
Nemelex Xobeh
Okawaru
Ru
Sif Muna
Trog
Uskayaw
Vehumet
Wu Jian
Xom
Yredelemnul
Zin
The Shining One
Jiyva

Shops:
D:4 (   D:9 [***(

Portals:
Trove: D:11 (give 17 scrolls of teleportation)

Annotations:
D:4 Best endgame god.
D:9 Cheap superweapons
D:11 Dreadful start
D:12 Sonja


Innate Abilities, Weirdness & Mutations

You are too large for most types of armour.
You have tough skin. (AC +1)
You are partially covered in iridescent scales. (AC +2)
Your flesh is cold resistant. (rC+)
Armour fits poorly on your strangely shaped body.
Your spells are a little easier to cast, but a little less powerful.


Message History

Okay, then.
Okay, then.
Okay, then.
* * * LOW HITPOINT WARNING * * *
You feel very sick. Sonja bites you but does no damage. x2
You see here 5 curare-tipped darts.
Unknown command.
Unknown command.
Okay, then.
Casting: Blink (safe; 4% risk of failure)
Confirm with . or Enter, or press ? or * to list all spells.
You blink.
* * * LOW HITPOINT WARNING * * *
You feel very sick.
Unknown command.
Casting: Blink (safe; 4% risk of failure)
Confirm with . or Enter, or press ? or * to list all spells.
You blink.
You die...

#≈≈≈.≈≈≈#..pS................
####.####....................
#.#.....§.................
#....####.##..###'###.....
###..####.##..##)(.##+##>.
#...#.........<[.#8,8#..
#...#........#####8,8###
#...#........#,*,*8,8*,*
#...#..@....##*,,+,,,',,
*###########'#*,,,**8**,,
*,,,,......YY#*+*********
*,,,,......Y.#,,*,,,,,,,*
*,,,,........#,,*,⌠,,,⌠,*
*,,,,...(....#,,*,,,,⌠,,*
*,,,,........#*,+,,,⌠,,,+
*****.(.......***,,⌠,,,,*
*,,*####.....* *,⌠,,,⌠,*


There were no monsters in sight!

Vanquished Creatures
  A vault guard (D:11)
  Harold (Lair:2)
  2 hydras
  A two-headed ogre (D:10)
  A tengu warrior (D:12)
  An orc sorcerer (D:10)
  An ugly thing (D:11)
  A manticore (D:11)
  2 elephants (Lair:5)
  3 black mambas
  A centaur skeleton (D:11)
  3 cane toads
  3 rime drakes
  4 komodo dragons
  4 trolls
  A polar bear (Lair:2)
  A wind drake (Lair:1)
  A hornet (D:5)
  A slime creature (D:9)
  5 blink frogs (Lair:4)
  A centaur simulacrum (D:12)
  41 yaks
  3 basilisks
  7 wyverns
  A wraith (D:12)
  3 nagas (Lair:2)
  11 water moccasins
  An acid dragon (D:11)
  A sky beast (D:5)
  8 orc warriors
  5 ice beasts
  5 black bears
  2 necrophages
  11 ogres
  8 wolves
  6 phantoms
  4 centaurs
  2 big kobolds (D:10)
  Blork the orc (D:5)
  14 bullfrogs
  3 gnoll sergeants (D:10)
  4 scorpions
  2 water moccasin skeletons
  6 killer bees (D:7)
  3 howler monkeys (D:8)
  5 wights
  4 centaur zombies
  13 orc wizards
  A bullfrog skeleton (D:10)
  3 hounds
  3 jellies
  8 orc priests
  5 iguanas
  5 worker ants
  3 bullfrog simulacra (D:12)
  3 hound skeletons
  A worker ant zombie (D:11)
  A howler monkey zombie (D:7)
  6 gnolls
  13 adders
  A shadow imp (D:9)
  6 white imps
  3 oozes (D:2)
  2 adder skeletons
  An adder zombie (D:9)
  5 worms
  3 dart slugs
  4 leopard geckos
  68 orcs
  3 ball pythons
  4 giant cockroaches
  12 goblins
  12 hobgoblins
  18 jackals
  4 kobolds
  8 quokkas
  7 bats
  6 frilled lizards
  8 rats
440 creatures vanquished.

Vanquished Creatures (collateral kills)
  An orc priest (D:8)
  An adder (D:7)
2 creatures vanquished.

Vanquished Creatures (others)
  5 bushes (D:9)
  26 fungi
  56 plants
87 creatures vanquished.

Grand Total: 529 creatures vanquished

Notes
Turn   | Place    | Note
-------+----------+-------------------------------------------
     0 | D:1      | Amplified the Ogre Hedge Wizard began the quest for the
                  | Orb.
     0 | D:1      | Reached XP level 1. HP: 16/16 MP: 5/5
   346 | D:1      | Reached skill level 1 in Fighting
   346 | D:1      | Reached XP level 2. HP: 20/27 MP: 6/6
   787 | D:2      | Reached skill level 2 in Fighting
   787 | D:2      | Reached XP level 3. HP: 30/35 MP: 4/8
  1371 | D:2      | Reached XP level 4. HP: 28/44 MP: 8/10
  1616 | D:1      | Reached skill level 3 in Fighting
  2504 | D:2      | Found a glowing silver altar of Zin.
  2531 | D:3      | Noticed a phantom
  2786 | D:2      | Killed a phantom
  2787 | D:2      | Reached skill level 4 in Fighting
  2787 | D:2      | Reached skill level 5 in Spellcasting
  2787 | D:2      | Reached XP level 5. HP: 55/55 MP: 10/12
  3010 | D:2      | Learned a level 2 spell: Blink
  3014 | D:2      | Learned a level 3 spell: Mephitic Cloud
  3096 | D:3      | Reached XP level 6. HP: 56/65 MP: 10/14
  3125 | D:3      | Reached skill level 5 in Fighting
  4092 | D:4      | Found a staircase to the Ecumenical Temple.
  4135 | D:4      | Noticed a phantom
  4409 | D:3      | Noticed an orc warrior
  4705 | D:4      | HP: 3/66 [worm (6)]
  5142 | D:4      | Reached skill level 6 in Fighting
  5142 | D:4      | Reached skill level 1 in Axes
  5142 | D:4      | Reached XP level 7. HP: 33/75 MP: 8/16
  5380 | D:4      | Found Siemoel's Weapon Emporium.
  5838 | D:5      | Entered Level 5 of the Dungeon
  6211 | D:5      | Found a white marble altar of Elyvilon.
  6594 | Temple   | Entered the Ecumenical Temple
  7102 | D:5      | Found a shimmering altar of Xom.
  7215 | D:6      | Found a radiant altar of Vehumet.
  7242 | D:6      | Became a worshipper of Vehumet
  7535 | D:6      | Reached skill level 7 in Fighting
  7614 | D:6      | Reached XP level 8. HP: 43/87 MP: 16/18
  7950 | D:6      | Found a shimmering blue altar of Sif Muna.
  8334 | D:6      | Found an ornate altar of the Wu Jian Council.
  8395 | D:6      | Found a hazy altar of Hepliaklqana.
  9218 | D:5      | Reached skill level 8 in Fighting
  9523 | D:5      | Noticed Blork the orc
  9542 | D:5      | Killed Blork the orc
  9764 | D:4      | Reached skill level 1 in Polearms
  9919 | D:5      | Reached XP level 9. HP: 78/97 MP: 21/21
 10113 | D:5      | Reached skill level 9 in Fighting
 10366 | D:5      | Noticed Prince Ribbit
 10374 | D:5      | Noticed Prince Ribbit
 10374 | D:5      | Prince Ribbit changed into Prince Ribbit the hornet
 10392 | D:5      | Killed Prince Ribbit the hornet
 10829 | D:7      | Reached * piety under Vehumet
 10829 | D:7      | Offered knowledge of Sandblast by Vehumet.
 11448 | D:7      | Learned a level 1 spell: Sandblast
 12011 | D:7      | Reached skill level 10 in Fighting
 12251 | D:7      | Learned a level 2 spell: Slow
 12929 | D:7      | Gained mutation: Armour fits poorly on your strangely
                  | shaped body. [potion of mutation]
 12929 | D:7      | Gained mutation: You are frail. (-10% HP) [potion of
                  | mutation]
 12929 | D:7      | Gained mutation: You evolve. [potion of mutation]
 13488 | D:8      | Found a shadowy altar of Dithmenos.
 13492 | D:8      | Found an opulent altar of Gozag.
 13497 | D:8      | Found a broken altar of Ashenzari.
 13558 | D:8      | Reached XP level 10. HP: 29/99 MP: 20/23
 14145 | D:9      | Reached skill level 5 in Polearms
 14145 | D:9      | Reached skill level 10 in Spellcasting
 14154 | D:9      | Reached skill level 11 in Fighting
 14381 | D:9      | Identified the +2 robe of Divine Compulsion {+Fly rElec}
 14453 | D:9      | Found Qojada's Lightly-Used Armoury.
 14836 | D:9      | Found Teluat's Antique Armour Boutique.
 15067 | D:9      | Found Seneq's General Store.
 15077 | D:9      | Found Zibiufud's Assorted Antiques.
 15083 | D:9      | Noticed an eight-headed hydra
 15142 | D:9      | Reached ** piety under Vehumet
 15143 | D:9      | Offered knowledge of Freeze by Vehumet.
 15852 | D:8      | Learned a level 1 spell: Freeze
 15902 | D:9      | Found Sautoeq's Weapon Emporium.
 16396 | D:9      | Found a staircase to the Lair.
 16761 | D:9      | Reached skill level 12 in Fighting
 17115 | D:9      | an eight-headed hydra changed into a slime creature
 17446 | D:10     | Entered Level 10 of the Dungeon
 17454 | D:10     | Reached skill level 1 in Air Magic
 17454 | D:10     | Reached skill level 1 in Poison Magic
 17454 | D:10     | Reached XP level 11. HP: 110/110 MP: 24/26
 17478 | D:10     | Gained mutation: You do not regenerate when monsters are
                  | visible. [evolution]
 18111 | D:10     | Noticed a two-headed ogre
 18124 | D:10     | Killed a two-headed ogre
 18240 | D:10     | Found a staircase to the Orcish Mines.
 18253 | D:10     | Offered knowledge of Static Discharge by Vehumet.
 18282 | D:10     | Reached *** piety under Vehumet
 18554 | D:11     | Offered knowledge of Stone Arrow by Vehumet.
 18891 | D:11     | Reached skill level 13 in Fighting
 18934 | D:11     | Noticed a manticore
 19251 | Lair:1   | Entered Level 1 of the Lair of Beasts
 19288 | D:9      | Learned a level 3 spell: Stone Arrow
 19440 | D:11     | Noticed a purple ugly thing
 19561 | D:11     | Killed a manticore
 19809 | D:11     | Reached **** piety under Vehumet
 20940 | D:11     | Killed a purple ugly thing
 20940 | D:11     | Offered knowledge of Hailstorm by Vehumet.
 20946 | D:11     | Learned a level 4 spell: Hailstorm
 21198 | D:11     | Noticed a vault guard
 21241 | D:11     | Reached skill level 1 in Conjurations
 21249 | D:11     | Killed a vault guard
 21250 | D:11     | Reached XP level 12. HP: 41/123 MP: 2/27
 21420 | D:11     | Gained mutation: Your flesh is cold resistant. (rC+)
                  | [evolution]
 21496 | D:11     | Lost mutation: You evolve. [potion of mutation]
 21496 | D:11     | Lost mutation: You are frail. (-10% HP) [potion of
                  | mutation]
 21496 | D:11     | Lost mutation: You do not regenerate when monsters are
                  | visible. [potion of mutation]
 21496 | D:11     | Gained mutation: Your spells are a little easier to cast,
                  | but a little less powerful. [potion of mutation]
 21496 | D:11     | Gained mutation: You are partially covered in iridescent
                  | scales. (AC +2) [potion of mutation]
 21600 | D:11     | Found a portal to a secret trove of treasure.
 21916 | Lair:1   | Reached skill level 14 in Fighting
 22129 | Lair:1   | Noticed a five-headed hydra
 22601 | Lair:2   | Found a staircase to the Snake Pit.
 22702 | Lair:2   | Noticed a death yak
 23928 | Lair:2   | Noticed Harold
 24209 | Lair:3   | Learned a level 3 spell: Vampiric Draining
 24215 | Lair:3   | Learned a level 5 spell: Fireball
 24321 | Lair:3   | Found a staircase to the Shoals.
 24532 | Lair:2   | Killed Harold
 24533 | Lair:2   | Reached skill level 10 in Polearms
 24554 | Lair:2   | Noticed a death yak
 24733 | Lair:3   | Learned a level 5 spell: Agony
 25292 | Lair:4   | Reached skill level 1 in Necromancy
 25463 | Lair:4   | Reached skill level 15 in Fighting
 27007 | Lair:1   | Killed a one-headed hydra
 27008 | Lair:1   | Reached XP level 13. HP: 67/150 MP: 21/28
 27801 | Lair:2   | You fall into a shaft and drop 2 floors!
 27882 | Lair:6   | Entered Level 6 of the Lair of Beasts
 27897 | Lair:6   | Found a viscous altar of Jiyva.
 27897 | Lair:6   | Found a staircase to the Slime Pits.
 28005 | Lair:5   | HP: 3/150 [water moccasin (6)]
 28010 | Lair:5   | HP: 2/150 [poisoned by a water moccasin]
 28444 | Lair:4   | Learned a level 4 spell: Sticky Flame
 29142 | Orc:1    | Entered Level 1 of the Orcish Mines
 29594 | Orc:2    | Entered Level 2 of the Orcish Mines
 29600 | Orc:2    | Found a staircase to the Elven Halls.
 30922 | D:12     | Reached skill level 16 in Fighting
 30995 | D:12     | Noticed Sonja
 30999 | D:12     | Noticed Sonja
 30999 | D:12     | Sonja changed into Sonja the black mamba
 31005 | D:12     | HP: 6/152 [poisoned by Sonja]
 31007 | D:12     | Succumbed to Sonja's poison

Illustrated notes

Levels and vault maps discovered:
D:1:      dpeg_arrival_tiny_c, layout_rooms, grunt_decor_fettered
D:2:      layout_rooms, lemuel_coloured_pillars_altar
D:3:      layout_loops_cross, general_overflow_altar, serial_aquarium,
          aquarium_bridge_straight [aquarium_subvault_bridge,
          aquarium_subvault_window, aquarium_subvault_bridge,
          aquarium_subvault_window], aquarium_window_corridor_3,
          aquarium_window_2, aquarium_view_2d, aquarium_balcony_3a,
          aquarium_pool_1
D:4:      layout_gridville, temple_pool_b, serial_shops, shop
D:5:      layout_basic, elyvilon_altar_3, xom_butterflies,
          minmay_splitting_lines, uniq_blork_the_orc, uniq_prince_ribbit1
D:6:      layout_basic, nzn_hepliaklqana_mist_gate, lemuel_crystal_altar,
          nicolae_overflow_crystal_walls, nzn_wu_jian_council_hall,
          serial_aquarium, aquarium_bridge_square [aquarium_subvault_window,
          aquarium_subvault_wall, aquarium_subvault_window,
          aquarium_subvault_bridge], aquarium_window_corridor_3,
          aquarium_window_fake, aquarium_view_2c, aquarium_view_2c
D:7:      layout_basic
D:8:      layout_rooms, grunt_temple_overflow_diamond
D:9:      layout_roguey, minmay_lair_entry_grove, serial_shops, shop,
          nicolae_shop_overgrown_old_shop, kennysheep_little_box, shop,
          minmay_strange_pillars, minmay_shop_damaged
D:10:     layout_loops_ring, kennysheep_orc_monster_closet_entryway,
          due_unseen_surprise
D:11:     layout_loops_ring, enter_trove_5
D:12:     minmay_chambers_of_sevens, layout_gridville, serial_ice, serial_ice_m,
          serial_ice_n, serial_ice_k, serial_ice_h, serial_ice_d, serial_ice_f,
          serial_ice_e, uniq_sonja
Temple:   minmay_temple_curvy_loop
Lair:1:   layout_long_grid, grunt_megastairs_4
Lair:2:   layout_roguey, guppyfry_snake_entry_island, gammafunk_lair_bear_cave,
          infiniplex_staircase_pool, uniq_harold
Lair:3:   layout_misc_corridors, minmay_shoals_entry_centaurs
Lair:4:   layout_cave_pods, chequers_serial_rivers_micro_a,
          chequers_serial_rivers_large_a
Lair:5:   layout_cellular_growth, serial_bayou_shore_b
Lair:6:   minmay_lair_end_enchanted_forest, layout_misc_corridors,
          slime_altar_1, serial_bayou_shore_a
Orc:1:    layout_caves, roderic_batcave
Orc:2:    st_orc_congregation, layout_caves, ebering_ghost_gozag, serial_shops,
          nicolae_shop_statue_plus, uniq_nessos

Skill      XL: |  1  2  3  4  5  6  7  8  9 10 11 12 13 |
---------------+----------------------------------------+-----
Fighting       | 1 2 4 6 7 8 10 12 13 15 16 | 16.0
Dodging        | 2 |  2.0
Spellcasting   | 4 5 6 7 8 9 11 | 11.9
Axes           | 1 3 4 |  4.6
Polearms       | 1 4 7 8 10 11 | 11.3
Air Magic      | 1 2 |  2.8
Poison Magic   | 1 2 |  2.9
Conjurations   | 1 4 |  4.0
Necromancy     | 2 4 |  4.7
Armour         | |  0.4
Stealth        | |  1.4
Summonings     | |  0.8
Translocations | |  0.8

Action                   |  1- 3 |  4- 6 |  7- 9 | 10-12 | 13-15 || total
-------------------------+-------+-------+-------+-------+-------++-------
Melee: Dagger            |   137 |    29 |   126 |       |       ||   292
       Whip              |       |   134 |       |       |       ||   134
       Hand axe          |       |    97 |   134 |       |       ||   231
       Trident           |       |       |   250 |   861 |   277 ||  1388
       Long sword        |       |       |       |     5 |     4 ||     9
 Cast: Magic Dart        |    19 |    37 |     1 |     1 |       ||    58
       Mephitic Cloud    |       |     8 |    37 |   110 |    30 ||   185
       Blink             |       |     1 |     1 |     7 |     5 ||    14
       Slow              |       |       |       |     7 |       ||     7
       Freeze            |       |       |       |     1 |       ||     1
       Stone Arrow       |       |       |       |    58 |     5 ||    63
       Fireball          |       |       |       |     8 |     4 ||    12
       Hailstorm         |       |       |       |     5 |     2 ||     7
       Vampiric Draining |       |       |       |     2 |    19 ||    21
       Sticky Flame      |       |       |       |       |     2 ||     2
       Agony             |       |       |       |       |     1 ||     1
Evoke: Wand              |       |       |    17 |    34 |     7 ||    58
  Use: Scroll            |     4 |     9 |    11 |    18 |     5 ||    47
       Potion            |     3 |     6 |     5 |    11 |     1 ||    26
 Stab: Sleeping          |     1 |       |       |     3 |       ||     4
       Confused          |       |     1 |     8 |    33 |    14 ||    56
       Paralysed         |       |       |     2 |       |       ||     2
Armor: Robe              |    44 |    75 |   113 |   147 |   102 ||   481
Dodge: Dodged            |    85 |   161 |   288 |   312 |   141 ||   987
       Rpst.: Long sword |       |       |       |     1 |       ||     1
